 Dungeon Crawl Stone Soup version 0.10.0-32-gfa280cc character file.

135108 fpsdash the Conjurer (level 16, -6/104 HPs)
             Began as a Demonspawn Conjurer on Apr 30, 2012.
             Was the Champion of Sif Muna.
             Mangled by a cyan very ugly thing (13 damage)
             ... in The Abyss on May 2, 2012.
             The game lasted 09:25:29 (63723 turns).

fpsdash the Conjurer (Demonspawn Conjurer)         Turns: 63723, Time: 09:25:29

HP  -6/104       AC 17     Str 11      XL: 16   Next: 55%
MP  22/36        EV 15     Int 17 (18) God: Sif Muna [******]
Gold 2603        SH  0     Dex 12      Spells: 11 memorised,  2 levels left

Res.Fire  : + . .   See Invis. : .   b - staff of conjuration
Res.Cold  : . . .   Warding    : . . p - +1 robe
Life Prot.: . . .   Conserve   : .   (no shield)
Res.Acid. : . . .   Res.Corr.  : .   (no helmet)
Res.Poison: .       Clarity    : .   (no cloak)
Res.Elec. : .       Spirit.Shd : .   M - +1 pair of gloves
Sust.Abil.: . .     Stasis     : .   G - +1 pair of boots {run} (curse)
Res.Mut.  : .       Ctrl.Telep.: x   e - amulet of the gourmand
Res.Rott. : .       Levitation : .   d - ring of sustenance
Gourmand  : +       Ctrl.Flight: .   j - cursed ring of wizardry

@: quick, slightly resistant to hostile enchantments, unstealthy
A: claws 1, hooves 2, blurry vision 1, conserve scrolls, fire resistance 1,
spiny 1, 20% torment resistance, AC +10, Int -1, Dex -4
a: Channel Energy, Forget Spell, Renounce Religion


You were in the Abyss.
You worshipped Sif Muna.
Sif Muna was exalted by your worship.
You were not hungry.

You visited 6 branches of the dungeon, and saw 34 of its levels.
You visited the Abyss 1 time.
You visited 4 portal chambers: sewer, ossuary, ice cave, spiders nest.

You collected 3165 gold pieces.
You spent 582 gold pieces at shops.

Inventory:

Hand weapons
 a - the +3,+5 demon blade of Articulation {flame, Noisy}
   (You took it off a crimson imp on level 13 of the Dungeon)

   It emits flame when wielded, causing extra injury to most foes and up to
   double damage against particularly susceptible opponents.
   Big, fiery blades are also staple armaments of hydra-hunters.
   It makes noises.
 K - a +5,+8 short sword of electrocution
Armour
 p - a +1 robe (worn)
 A - the +2 hat of the Bear Spirit {Spirit, +Rage rN+ MR}
   (You found it on level 10 of the Dungeon)

   It protects you from negative energy.
   It increases your resistance to enchantments.
   It lets you go berserk.
   Once owned by Ukta, a powerful ogre shaman, this fur hat houses the spirit of
   an especially mighty bear.
 G - a cursed +1 pair of boots of running (worn)
 M - a +1 pair of gloves (worn)
Magical devices
 h - a wand of magic darts (14)
 r - a wand of heal wounds (1)
 t - a wand of enslavement (7)
 v - a wand of paralysis (5)
 z - a wand of lightning (0)
 C - a wand of heal wounds (0)
 P - a wand of digging (5)
Comestibles
 i - 3 meat rations
 n - 4 bread rations
 R - an apple
Scrolls
 g - 8 scrolls of remove curse
 m - 6 scrolls of fear
 o - 3 scrolls of enchant weapon II
 u - 4 scrolls of magic mapping
 B - 6 scrolls of detect curse
 F - 5 scrolls of teleportation
 H - a scroll of recharging
 N - a scroll of holy word
 O - a scroll of summoning
Jewellery
 d - a ring of sustenance (right hand)
 e - an amulet of the gourmand (around neck)
 j - a cursed ring of wizardry (left hand)
 q - an uncursed amulet of stasis
 y - a cursed amulet of resist mutation
 V - an uncursed ring of ice
Potions
 c - 2 potions of restore abilities
 k - a potion of heal wounds
 l - a potion of brilliance
 E - 2 potions of curing
Books
 f - Sif Muna's Papyrus of Excruciating Weightlessness {god gift}
   (Sif Muna gifted it to you in a spider's nest)

   Spells                             Type                      Level
   *Swiftness                         Charms/Air                   2
   *Mephitic Cloud                    Conjuration/Poison/Air       3
   *Conjure Ball Lightning            Conjuration/Air              7
   Chain Lightning                    Conjuration/Air              8
 s - Psiomic's Collected Works on Conjuration {god gift}
   (Sif Muna gifted it to you on level 3 of the Orcish Mines)

   Spells                             Type                      Level
   Shock                              Conjuration/Air              1
   Sting                              Conjuration/Poison           1
   Throw Frost                        Conjuration/Ice              2
   Throw Icicle                       Conjuration/Ice              4
   Lightning Bolt                     Conjuration/Air              5
   *Bolt of Fire                      Conjuration/Fire             6
 w - Sif Muna's Handbook of Poisoning {god gift}
   (Sif Muna gifted it to you on level 8 of the Lair of Beasts)

   Spells                             Type                      Level
   Spider Form                        Transmutation/Poison         3
   Alistair's Intoxication            Transmutation/Poison         4
   Venom Bolt                         Conjuration/Poison           5
 x - Sif Muna's Disquisition on the Snowflakes and Battle Magic {god gift}
   (Sif Muna gifted it to you on level 4 of the Elven Halls)

   Spells                             Type                      Level
   Sting                              Conjuration/Poison           1
   Freeze                             Ice                          1
   Ensorcelled Hibernation            Hexes/Ice                    2
   Simulacrum                         Ice/Necromancy               6
   Chain Lightning                    Conjuration/Air              8
 D - Sif Muna's Compendium of Glacial Battle Magic {god gift}
   (Sif Muna gifted it to you on level 7 of the Lair of Beasts)

   Spells                             Type                      Level
   *Magic Dart                        Conjuration                  1
   Throw Frost                        Conjuration/Ice              2
   Lehudib's Crystal Spear            Conjuration/Earth            8
   Ice Storm                          Conjuration/Ice              9
 J - a book of the Tempests

   Spells                             Type                      Level
   *Static Discharge                  Conjuration/Air              3
   Lightning Bolt                     Conjuration/Air              5
   Fireball                           Conjuration/Fire             5
   Tornado                            Air                          9
   Shatter                            Earth                        9
 S - Sif Muna's Papyrus of Frigorific Attacks {god gift}
   (Sif Muna gifted it to you on level 15 of the Dungeon)

   Spells                             Type                      Level
   Throw Frost                        Conjuration/Ice              2
   Ozocubu's Armour                   Charms/Ice                   3
   *Static Discharge                  Conjuration/Air              3
   Throw Icicle                       Conjuration/Ice              4
   Chain Lightning                    Conjuration/Air              8
Magical staves
 b - a staff of conjuration (weapon)
 I - a staff of air


   Skills:
 + Level 4,0 Fighting
 - Level 2,7 Short Blades
 - Level 2,1 Long Blades
 - Level 0,8 Axes
 + Level 1,5 Maces & Flails
 + Level 1,4 Staves
 + Level 1,5 Throwing
 * Level 0,2 Armour
 + Level 6,4 Dodging
 - Level 1,9 Stealth
 + Level 14,0 Spellcasting
 + Level 14,4 Conjurations
 + Level 0,6 Hexes
 + Level 3,8 Charms
 - Level 5,0 Fire Magic
 * Level 12,6 Ice Magic
 * Level 14,1 Air Magic
 - Level 2,0 Poison Magic
 + Level 3,0 Invocations
 - Level 2,0 Evocations


You had 2 spell levels left.
You knew the following spells:

 Your Spells              Type           Power        Failure   Level  Hunger
a - Magic Dart            Conj           #####        0%          1    None
b - Insulation            Air/Chrm       ######....   1%          4    Sultana
c - Mephitic Cloud        Pois/Air/Conj  #######..    1%          3    None
d - Conjure Flame         Fire/Conj      #######..    1%          3    None
e - Freezing Cloud        Ice/Air/Conj   #######...   1%          6    Honeycomb
f - Conjure Ball Lightni  Air/Conj       #######...   7%          7    Ration
g - Bolt of Fire          Fire/Conj      #######...   7%          6    Honeycomb
h - Swiftness             Air/Chrm       ######....   1%          2    None
i - Cure Poison           Pois           ####......   1%          2    None
j - See Invisible         Chrm           #####.....   5%          4    Sultana
k - Static Discharge      Air/Conj       #######..    1%          3    None


Dungeon Overview and Level Annotations

Branches:
Dungeon (15/27)            Temple (1/1) D:4             Orc (4/4) D:10
    Elf (5/5) Orc:4          Lair (8/8) D:10         Shoals (0/5) Lair:5
  Slime (1/6) Lair:7        Snake (0/5) Lair:5
  Vault: D:14-19

Altars:
Ashenzari
Cheibriados
Elyvilon
Fedhas
Kikubaaqudgha
Makhleb
Nemelex Xobeh
Okawaru
Sif Muna
The Shining One
Trog
Vehumet
Xom
Yredelemnul
Zin

Shops:
D:13: * Orc:4: [(=/ Elf:2: [ Elf:3: *

Portals:
Hell: D:13

Annotations
D:5 Grinder
D:14 exclusion: silver statue


Innate Abilities, Weirdness & Mutations

You have hoof-like feet.
You are completely covered in rough black scales (AC +10, Dex -3).
You are very good at protecting items from fire.
Your flesh is heat resistant.
You are partially covered in sharp spines.
You are somewhat able to resist unholy torments (1 in 5 success).
You have sharp fingernails.
Your vision is a little blurry.
You are clumsy (Dex -1).
You are dopey (Int -1).


Message History

You feel much better. The iron imp dodges your spines. The iron imp misses you.
The skeletal warrior splashes around in the water.
The midge dodges your spines. The midge completely misses you.
The skeletal warrior hits you from afar with a runed halberd!
* * * LOW HITPOINT WARNING * * *
The cyan very ugly thing dodges your spines.
The cyan very ugly thing stings you but does no damage.
Evoke which item? (* to show all) (? for menu, Esc to quit)
Zapping:
r - a wand of heal wounds {zapped: 3}
Press: ? - help, Shift-Dir - straight line, f - you You feel much better.
The iron imp dodges your spines. The iron imp hits you!
* * * LOW HITPOINT WARNING * * *
The midge dodges your spines. The midge hits you but does no damage.
The skeletal warrior hits you from afar with a runed halberd!
* * * LOW HITPOINT WARNING * * *
The cyan very ugly thing dodges your spines.
The cyan very ugly thing stings you.
* * * LOW HITPOINT WARNING * * *
The cyan very ugly thing shocks you!
You die...

... #§.......
###...#.....
.............. ...
....#....... #.#..
.........#.
...........3....... ..
.......§#§5.#......
.....#..###u@5.≈...≈..
... . $.##≈≈zZz.......
..... ...≈≈##....≈....
#.....u..#.....#..≈≈≈
## # .. ........#..#
##≈ .....§...
........# . .#.....
............≈
#......#....!......≈ .
. . ....u.......


You could see a cyan very ugly thing, 2 skeletal warriors, 2 ugly things, a
smoke demon, an iron imp, a midge and a golden dragon skeleton.

Vanquished Creatures
  Kirke (Elf:4)
  Jozef (D:11)
  An ettin (shapeshifter) (D:13)
  The ghost of jaega1 the Geomancer, a powerful DDEE of Makhleb (Orc:4)
  A dragon (Lair:8)
  Erica (D:11)
  Harold (D:10)
  8 hydras
  8 death yaks
  An orc high priest (Orc:4)
  2 very ugly things (Elf:4)
  A sun demon (Orc:4)
  The ghost of gilgaladt the Slicer, an experienced HEWr of Ashenzari (D:10)
  A centaur warrior (D:13)
  17 deep elf knights
  2 emperor scorpions (Port)
  5 skeletal warriors (D:12)
  An orc knight (Orc:3)
  The ghost of AStranger the Cudgeler, an experienced TrAM (D:8)
  3 lindwurms (Lair:8)
  4 orc sorcerers (Orc:4)
  A hydra zombie (D:14)
  3 hill giants
  4 griffons
  An oklob plant (Orc:3)
  A shining eye (Slime:1)
  7 spiny worms (Lair:8)
  A sixfirhy (Abyss)
  A harpy skeleton (D:15)
  Maurice (D:11)
  4 cyclopes
  An elephant slug (Lair:8)
  4 wolf spiders
  3 elephants (Lair:4)
  A hill giant zombie (D:12)
  A feature mimic (Lair:5)
  4 black mambas
  A trapdoor spider (Port)
  8 spiny frogs
  10 slime creatures
  Psyche (D:8)
  A hellwing (Elf:1)
  An iron devil (D:13)
  11 ugly things
  An efreet (D:13)
  3 komodo dragons
  3 trolls
  Sonja (D:10)
  A deep dwarf artificer (Abyss)
  A smoke demon (Abyss)
  A human (Elf:4)
  2 queen bees
  Prince Ribbit (D:8)
  A spriggan (D:14)
  6 polar bears
  A redback (Port)
  8 blink frogs
  A two-headed ogre (D:11)
  2 basilisks
  A deep dwarf necromancer (Abyss)
  6 giant fireflies (Lair:8)
  A shark (Lair:3)
  30 yaks
  2 ynoxinuls
  7 grizzly bears (Lair:8)
  4 wyverns
  11 deep elf conjurers
  A hog (Elf:4)
  3 fire drakes
  2 hungry ghosts
  4 molten gargoyles (D:11)
  A blink frog skeleton (D:12)
  2 dancing weapons
  10 hippogriffs
  12 deep elf summoners
  A wraith (D:14)
  9 war dogs
  3 item mimics
  3 manticores
  A neqoxec (Abyss)
  29 deep elf fighters
  5 rock worms (Lair:8)
  A vampire mosquito (D:13)
  A necrophage (D:12)
  8 deep elf priests
  2 small abominations (Abyss)
  2 cyclops skeletons
  2 sky beasts
  8 ogres
  3 phantoms
  2 red devils
  A hell hound (D:13)
  4 giant goldfish
  28 orc warriors
  A yellow wasp (D:15)
  2 ice beasts
  3 black bears (Lair:8)
  A swamp drake (D:10)
  8 centaurs
  A naga (Abyss)
  A yak skeleton (D:14)
  A boring beetle (Lair:7)
  Duvessa (D:8)
  4 big kobolds
  5 wargs
  5 giant slugs
  17 crocodiles
  2 tarantellas (Port)
  8 water moccasins
  18 deep elf magi
  A soldier ant zombie (D:14)
  2 centaur zombies (Port)
  3 giant leeches (Lair:8)
  3 brain worms (Lair:8)
  3 elf zombies
  15 giant frogs
  5 agate snails
  6 wights
  8 jellyfish
  139 killer bees
  2 eyes of draining (D:12)
  2 big kobold zombies (Port)
  8 electric eels
  2 goliath beetles
  A shadow (D:12)
  18 crimson imps
  2 quasits
  2 brain worm zombies
  Dowan (D:8)
  35 orc priests
  An iron imp (D:13)
  3 hound zombies
  10 hounds
  A hound skeleton (D:9)
  3 iguanas
  10 big fish
  6 scorpions
  5 spiders (Port)
  6 porcupines
  19 deep elf soldiers
  45 orc wizards
  9 worker ants
  2 orange rats
  A worker ant zombie (D:9)
  8 sheep
  Jessica (D:2)
  5 jellies
  6 mummies
  15 adders
  8 gnolls
  4 giant centipedes
  3 lemures
  4 midges
  4 adder zombies (Port)
  An iguana skeleton (D:8)
  3 shadow imps
  24 green rats
  An iguana zombie (D:9)
  9 giant mites
  2 white imps
  19 worms
  16 ufetubi
  4 grey rats
  A giant eyeball (D:15)
  11 giant geckos
  2 gnoll zombies (Port)
  6 oozes
  210 orcs
  8 ball pythons
  32 bats
  22 goblins
  15 hobgoblins
  10 jackals
  9 quokkas
  7 giant cockroaches
  13 giant newts
  6 giant spores
  5 goblin zombies (Port)
  10 illusory rakshasas
  A jackal zombie (Port)
  42 kobolds
  2 kobold zombies (Port)
  3 orc skeletons
  10 orc zombies
  3 quokka zombies (Port)
  28 rats
  2 rat zombies (Port)
  16 ballistomycetes
  A bush (Lair:5)
  22 fungi
  44 plants
  30 toadstools
1541 creatures vanquished.

Vanquished Creatures (collateral kills)
  2 ball lightnings
  A yellow wasp (D:15)
  3 bats
6 creatures vanquished.

Vanquished Creatures (others)
  6 ball lightnings
  A cyclops (D:15)
  A grizzly bear (Lair:8)
  A small abomination (Abyss)
  A yellow wasp (D:15)
  2 ogres
  A deep elf mage (Elf:2)
  A human (Elf:4)
  2 killer bees (Lair:5)
  2 orc priests
  A hound (Lair:6)
  2 orc wizards
  A porcupine (Lair:6)
  2 adders
  An adder zombie (Port)
  2 ufetubi
  5 orcs
  2 hobgoblins
  A jackal (Lair:5)
  4 kobolds
  A quokka (Lair:5)
  3 giant spores
  2 jackal zombies (Port)
  A quokka zombie (Port)
  A rat (D:4)
  A rat zombie (Port)
  A butterfly (D:10)
  18 fungi
  13 plants (Lair:8)
  126 toadstools
206 creatures vanquished.

Grand Total: 1753 creatures vanquished

Notes
Turn   | Place    | Note
--------------------------------------------------------------
     0 | D:1      | fpsdash, the Demonspawn Conjurer, began the quest for the Orb.
     0 | D:1      | Reached XP level 1. HP: 13/13 MP: 3/3
   555 | D:1      | Gained mutation: You are partially covered in rough black scales (AC +4, Dex -1).
   555 | D:1      | Reached XP level 2. HP: 19/19 MP: 1/4
   666 | D:1      | Learned a level 2 spell: Throw Frost
  1227 | D:2      | Noticed Jessica
  1264 | D:2      | Killed Jessica
  1264 | D:2      | Reached skill level 5 in Conjurations
  1264 | D:2      | Reached XP level 3. HP: 24/24 MP: 3/6
  1383 | D:2      | Reached skill level 1 in Fighting
  1563 | D:2      | Reached XP level 4. HP: 30/30 MP: 4/7
  1569 | D:2      | Learned a level 3 spell: Mephitic Cloud
  3242 | D:3      | Gained mutation: You are very good at protecting items from fire.
  3242 | D:3      | Reached XP level 5. HP: 32/35 MP: 1/10
  3467 | D:3      | Found a white marble altar of Elyvilon.
  3962 | D:4      | Reached skill level 1 in Ice Magic
  3962 | D:4      | Reached skill level 1 in Air Magic
  4186 | D:4      | Gained mutation: You are mostly covered in rough black scales (AC +7, Dex -2).
  4186 | D:4      | Reached XP level 6. HP: 42/42 MP: 4/11
  4302 | D:4      | Found a staircase to the Ecumenical Temple.
  4312 | Temple   | Entered the Ecumenical Temple
  4490 | Temple   | Became a worshipper of Sif Muna the Loreminder
  4544 | D:5      | Entered Level 5 of the Dungeon
  5257 | D:4      | Noticed Grinder
  5260 | D:4      | Paralysed by Grinder for 4 turns
  5866 | D:5      | Reached skill level 6 in Conjurations
  5891 | D:5      | Reached skill level 1 in Poison Magic
  6008 | D:5      | Reached XP level 7. HP: 47/47 MP: 1/14
  6127 | D:5      | Acquired Sif Muna's first power
  6292 | D:5      | Found a blossoming altar of Fedhas.
  6345 | D:5      | Found a glowing drain. 6378
                  | sewer
                  | Entered the sewers 6590
                  | sewer
                  | Reached skill level 1 in Short Blades
  7829 | D:6      | Found a shimmering altar of Xom.
  8266 | D:6      | Gained mutation: You have large cloven feet.
  8266 | D:6      | Reached XP level 8. HP: 52/54 MP: 6/17
  8853 | D:7      | Learned a level 5 spell: Lightning Bolt
  9611 | D:7      | Acquired Sif Muna's second power
  9817 | D:8      | Noticed Dowan
  9825 | D:8      | Killed Dowan
  9851 | D:8      | Noticed Prince Ribbit
  9890 | D:8      | Noticed Duvessa
  9891 | D:8      | Killed Prince Ribbit
  9891 | D:8      | Reached skill level 5 in Spellcasting
 10051 | D:8      | Killed Duvessa
 10258 | D:8      | Noticed AStranger's ghost (experienced TrAM)
 10287 | D:8      | Noticed Psyche
 10299 | D:8      | Killed Psyche
 10299 | D:8      | Gained mutation: You have hoof-like feet.
 10299 | D:8      | Gained mutation: You are completely covered in rough black scales (AC +10, Dex -3).
 10299 | D:8      | Reached XP level 9. HP: 59/59 MP: 12/20
 10908 | D:8      | Killed AStranger's ghost
 10908 | D:8      | Reached skill level 7 in Conjurations
 10908 | D:8      | Reached skill level 1 in Evocations
 11220 | D:8      | Found a sand-covered staircase. 11251
                  | ossuary
                  | Entered a tomb 11669
                  | ossuary
                  | Paralysed by a potion of paralysis for 2 turns
 12484 | D:9      | Reached skill level 5 in Air Magic
 12732 | D:9      | Acquired Sif Muna's third power
 12732 | D:9      | Gained mutation: You are partially covered in sharp spines.
 12732 | D:9      | Reached XP level 10. HP: 66/66 MP: 4/23
 12939 | D:10     | Entered Level 10 of the Dungeon
 13236 | D:10     | Found a staircase to the Lair.
 13317 | D:10     | Noticed gilgaladt's ghost (experienced HEWr)
 13487 | D:10     | Reached skill level 5 in Ice Magic
 13675 | D:10     | Noticed Harold
 13698 | D:10     | Killed Harold
 13698 | D:10     | Reached skill level 8 in Conjurations
 14088 | D:10     | Noticed Sonja
 14095 | D:10     | Killed Sonja
 14606 | D:10     | Found a staircase to the Orcish Mines.
 14730 | Orc:1    | Entered Level 1 of the Orcish Mines
 14910 | Orc:1    | Learned a level 6 spell: Freezing Cloud
 16385 | Orc:3    | Received a gift from Sif Muna
 16385 | Orc:3    | Reached XP level 11. HP: 72/72 MP: 6/26
 16386 | Orc:3    | Got a droning book {god gift}
 16387 | Orc:3    | Identified Psiomic's Collected Works on Conjuration {god gift} (Sif Muna gifted it to you on level 3 of the Orcish Mines)
 16539 | Orc:2    | Learned a level 6 spell: Bolt of Cold
 16743 | Orc:2    | Reached skill level 9 in Conjurations
 18269 | D:10     | Gained mutation: Your muscles are strong (Str +1).
 18274 | D:10     | Lost mutation: Your muscles are strong (Str +1).
 18275 | D:10     | Gained mutation: Your magical capacity is low (-10% MP).
 18567 | D:10     | Gained mutation: You have a fast metabolism.
 18567 | D:10     | Gained mutation: You are clumsy (Dex -1).
 18567 | D:10     | Gained mutation: Your digestive system is specialised to digest meat.
 18997 | D:10     | Killed gilgaladt's ghost
 19179 | Lair:1   | Entered Level 1 of the Lair of Beasts
 19717 | Lair:1   | Learned a level 3 spell: Tukima's Dance
 19817 | D:10     | Noticed a short sword of electrocution
 19822 | D:10     | Killed a short sword of electrocution
 20098 | Lair:1   | Found a frozen archway.
 20114 | IceCv    | Entered an ice cave
 21036 | Lair:2   | Received a gift from Sif Muna
 21037 | Lair:2   | Got a colourful book {god gift}
 21084 | Lair:2   | Identified Sif Muna's Papyrus of Weightlessness {god gift} (Sif Muna gifted it to you on level 2 of the Lair of Beasts)
 21105 | Lair:2   | Learned a level 3 spell: Static Discharge
 21333 | Lair:2   | Reached skill level 10 in Conjurations
 21792 | Lair:3   | Learned a level 4 spell: Insulation
 22156 | Lair:3   | Got a faintly glowing long sword
 22157 | Lair:3   | Identified the +6,+4 long sword of the Last Orbs (You found it on level 3 of the Lair of Beasts)
 22808 | Lair:3   | Found a crumbling entrance.
 22910 | Spider   | Entered a spider's nest
 23071 | Spider   | HP: 2/72 [emperor scorpion (26)]
 23073 | Spider   | Gained mutation: You are somewhat able to resist unholy torments (1 in 5 success).
 23073 | Spider   | Reached XP level 12. HP: 11/78 MP: 8/25
 23103 | Spider   | Received a gift from Sif Muna
 23104 | Spider   | Got a blackened book {god gift}
 23365 | Spider   | Identified Sif Muna's Papyrus of Excruciating Weightlessness {god gift} (Sif Muna gifted it to you in a spider's nest)
 23830 | Spider   | Learned a level 2 spell: Swiftness
 24578 | Lair:4   | Reached skill level 1 in Charms
 24648 | Lair:4   | Reached skill level 10 in Spellcasting
 24648 | Lair:4   | Reached skill level 10 in Air Magic
 25164 | Lair:4   | Reached skill level 11 in Conjurations
 25687 | Lair:5   | Received a gift from Sif Muna
 25688 | Lair:5   | Got an engraved book {god gift}
 25691 | Lair:5   | Identified Sif Muna's Grimoire of Venom {god gift} (Sif Muna gifted it to you on level 5 of the Lair of Beasts)
 26099 | Lair:5   | Found a staircase to the Shoals.
 26277 | Lair:5   | Identified a scroll of acquirement
 26660 | Lair:5   | Found a staircase to the Snake Pit.
 27406 | Lair:4   | Learned a level 2 spell: Cure Poison
 27911 | Lair:5   | Identified a +1 cloak of preservation (You acquired it on level 5 of the Lair of Beasts)
 28226 | Lair:3   | Received a gift from Sif Muna
 28227 | Lair:3   | Got a blackened book {god gift}
 28229 | Lair:3   | Identified Sif Muna's Guide on Combat Magic {god gift} (Sif Muna gifted it to you on level 3 of the Lair of Beasts)
 28663 | D:10     | Learned a level 4 spell: Iskenderun's Mystic Blast
 28713 | D:10     | Got a fur hat
 28716 | D:10     | Identified the +2 hat of the Bear Spirit (You found it on level 10 of the Dungeon)
 29828 | D:11     | Noticed Erica
 29837 | D:11     | Killed Erica
 29837 | D:11     | Reached skill level 12 in Conjurations
 29837 | D:11     | Gained mutation: Your flesh is heat resistant.
 29837 | D:11     | Reached XP level 13. HP: 84/84 MP: 7/27
 29986 | D:11     | Noticed Jozef
 29996 | D:11     | Killed Jozef
 30648 | D:11     | Noticed Maurice
 30656 | D:11     | Killed Maurice
 32103 | D:12     | Reached skill level 10 in Ice Magic
 32517 | D:12     | Found a flagged portal.
 32521 | D:12     | Received a gift from Sif Muna
 32786 | D:11     | Learned a level 5 spell: Bolt of Magma
 33321 | D:12     | Reached skill level 1 in Fire Magic
 33392 | D:12     | Found an iron altar of Okawaru.
 33928 | Orc:4    | Entered Level 4 of the Orcish Mines
 34477 | Orc:4    | Noticed an orc high priest
 34487 | Orc:4    | Killed an orc high priest
 35375 | Orc:4    | Noticed jaega1's ghost (powerful DDEE)
 35646 | Orc:4    | Found a staircase to the Elven Halls.
 35663 | Elf:1    | Entered Level 1 of the Elven Halls
 37396 | Elf:2    | Found Ingown's Antique Armour Shoppe.
 39340 | Elf:2    | Received a gift from Sif Muna
 39350 | Elf:2    | Learned a level 5 spell: Fireball
 40324 | Elf:2    | Bought a jewelled ring mail for 198 gold pieces
 40340 | Elf:2    | Learned a level 6 spell: Bolt of Fire
 40394 | Elf:2    | Identified the +5 ring mail of Croniges (You bought it in a shop on level 2 of the Elven Halls)
 40411 | Elf:2    | Reached XP level 14. HP: 90/90 MP: 21/28
 41538 | Orc:4    | Found Atem's Magical Wand Shoppe.
 41539 | Orc:4    | Found Wiaw's Antique Weapon Emporium.
 41540 | Orc:4    | Found Cifuom's Armour Emporium.
 41549 | Orc:4    | Reached XP level 13. HP: 84/84 MP: 8/27
 41551 | Orc:4    | Reached skill level 13 in Conjurations
 41654 | Orc:4    | Found Hunu's Jewellery Shoppe.
 41667 | Orc:4    | Bought a steaming dagger for 231 gold pieces
 41670 | Orc:4    | Identified the cursed dagger of Olooj {elec, +Rage rN+ MR Dex-4} (You bought it in a shop on level 4 of the Orcish Mines)
 41864 | Orc:4    | Learned a level 7 spell: Conjure Ball Lightning
 41957 | Orc:4    | Killed jaega1's ghost
 41957 | Orc:4    | Reached skill level 1 in Invocations
 41957 | Orc:4    | Reached XP level 14. HP: 32/90 MP: 0/28
 43002 | Elf:2    | Learned a level 3 spell: Conjure Flame
 43743 | Elf:3    | Found Vimp's General Store.
 43752 | Elf:3    | Bought a +0 pair of boots of running for 102 gold pieces
 43934 | Elf:3    | Identified a +5 rod of destruction [fire] (11/11) (You found it on level 2 of the Elven Halls)
 44850 | Elf:4    | Reached skill level 1 in Maces & Flails
 44850 | Elf:4    | Reached skill level 1 in Staves
 44850 | Elf:4    | Reached skill level 1 in Throwing
 44850 | Elf:4    | Reached XP level 15. HP: 95/97 MP: 28/30
 44856 | Elf:4    | Learned a level 4 spell: See Invisible
 44863 | Elf:4    | Noticed Kirke
 44870 | Elf:4    | Killed Kirke
 44870 | Elf:4    | Received a gift from Sif Muna
 44870 | Elf:4    | Reached skill level 5 in Fire Magic
 44871 | Elf:4    | Got a colourful book {god gift}
 45010 | Elf:4    | Identified Sif Muna's Disquisition on the Snowflakes and Battle Magic {god gift} (Sif Muna gifted it to you on level 4 of the Elven Halls)
 45149 | Elf:4    | Lost mutation: Your magical capacity is low (-10% MP).
 45149 | Elf:4    | Lost mutation: You are clumsy (Dex -1).
 45149 | Elf:4    | Lost mutation: You have a fast metabolism.
 45149 | Elf:4    | Lost mutation: Your digestive system is specialised to digest meat.
 46119 | Elf:5    | Entered Level 5 of the Elven Halls
 50554 | Lair:7   | Gained mutation: You are clumsy (Dex -1).
 50554 | Lair:7   | Gained mutation: You have sharp fingernails.
 50554 | Lair:7   | Gained mutation: Your vision is a little blurry.
 50902 | Lair:7   | Found a staircase to the Slime Pits.
 50915 | Lair:7   | Reached skill level 5 in Dodging
 51049 | Slime:1  | Entered Level 1 of the Pits of Slime
 51256 | Lair:7   | Received a gift from Sif Muna
 51257 | Lair:7   | Got a levitating book {god gift}
 51259 | Lair:7   | Identified Sif Muna's Compendium of Glacial Battle Magic {god gift} (Sif Muna gifted it to you on level 7 of the Lair of Beasts)
 51491 | Lair:8   | Entered Level 8 of the Lair of Beasts
 52383 | Lair:8   | Reached skill level 14 in Conjurations
 53047 | Lair:8   | Noticed a rock worm
 53080 | Lair:8   | Killed a rock worm
 53238 | Lair:8   | Noticed a spiny worm
 53255 | Lair:8   | Killed a spiny worm
 53289 | Lair:8   | Reached XP level 16. HP: 82/104 MP: 19/36
 53424 | Lair:8   | Noticed a rock worm
 53473 | Lair:8   | Killed a rock worm
 53586 | Lair:8   | Noticed a spiny worm
 53617 | Lair:8   | Killed a spiny worm
 53634 | Lair:8   | Noticed a rock worm
 53642 | Lair:8   | Killed a rock worm
 53822 | Lair:8   | Noticed a spiny worm
 53825 | Lair:8   | Noticed a spiny worm
 53842 | Lair:8   | Killed a spiny worm
 53845 | Lair:8   | Killed a spiny worm
 54100 | Lair:8   | Noticed a brain worm
 54100 | Lair:8   | Killed a brain worm
 54100 | Lair:8   | Killed a brain worm
 54142 | Lair:8   | Noticed a spiny worm
 54148 | Lair:8   | Killed a spiny worm
 54149 | Lair:8   | Received a gift from Sif Muna
 54150 | Lair:8   | Got a levitating book {god gift}
 54152 | Lair:8   | Identified Sif Muna's Handbook of Poisoning {god gift} (Sif Muna gifted it to you on level 8 of the Lair of Beasts)
 54154 | Lair:8   | Killed a spiny worm
 54196 | Lair:8   | Noticed a brain worm
 54198 | Lair:8   | Killed a brain worm
 54341 | Lair:8   | Noticed a rock worm
 54351 | Lair:8   | Killed a spiny worm
 54368 | Lair:8   | Killed a rock worm
 54429 | Lair:8   | Noticed a rock worm
 54486 | Lair:8   | Killed a rock worm
 55118 | Lair:8   | Learned a level 6 spell: Deflect Missiles
 56103 | D:12     | Got a crude cloak
 56104 | D:12     | Identified the +0 cloak of the Hanged Man (You found it on level 12 of the Dungeon)
 57649 | D:13     | Identified a +1 rod of destruction [inacc,magma,cold] (14/14) (You took it off a necrophage on level 12 of the Dungeon)
 57668 | D:13     | Found Cinet's General Store.
 57677 | D:13     | Bought a potion of heal wounds for 51 gold pieces
 58424 | D:13     | Got a bloodstained demon blade
 58427 | D:13     | Identified the demon blade of Articulation {flame, Noisy} (You took it off a crimson imp on level 13 of the Dungeon)
 58700 | D:13     | Found a gateway to Hell.
 58791 | D:13     | Reached skill level 1 in Long Blades
 59154 | D:13     | Noticed an ettin
 59170 | D:13     | Killed an ettin
 59462 | D:14     | Entered Level 14 of the Dungeon
 61657 | D:15     | Entered Level 15 of the Dungeon
 61925 | D:14     | Learned a level 4 spell: See Invisible
 62132 | D:15     | Received a gift from Sif Muna
 62133 | D:15     | Got a colourful book {god gift}
 62134 | D:15     | Identified Sif Muna's Papyrus of Frigorific Attacks {god gift} (Sif Muna gifted it to you on level 15 of the Dungeon)
 62140 | D:15     | Learned a level 3 spell: Static Discharge
 63081 | D:15     | Cast into the Abyss (drawing a card)
 63081 | Abyss    | Entered The Abyss
 63296 | Abyss    | Found a corrupted altar of Lugonu.
 63333 | Abyss    | Noticed a profane servitor
 63382 | Abyss    | Noticed an iron golem
 63435 | Abyss    | Noticed a reaper
 63524 | Abyss    | Noticed a deep dwarf necromancer
 63526 | Abyss    | Noticed a deep dwarf artificer
 63528 | Abyss    | Noticed a deep dwarf
 63544 | Abyss    | Killed a deep dwarf necromancer
 63548 | Abyss    | Noticed a deep dwarf
 63550 | Abyss    | Found a corrupted altar of Lugonu.
 63552 | Abyss    | Found a corrupted altar of Lugonu.
 63553 | Abyss    | Killed a deep dwarf artificer
 63650 | Abyss    | Gained mutation: You are dopey (Int -1).
 63712 | Abyss    | Noticed a brown ugly thing
 63712 | Abyss    | Noticed a brown ugly thing
 63721 | Abyss    | HP: 3/104 [golden dragon skeleton[a giant orange brain] (6)]
 63723 | Abyss    | Mangled by a cyan very ugly thing
